 Dungeon Crawl Stone Soup version 0.25.0-11-g1f837a7 (webtiles) character file.

Game seed: 7674476041874231108

6467 Firecrotchwizard the Thaumaturge (level 11, -3/81 HPs)
             Began as a Gnoll Wizard on June 27, 2020.
             Was a Believer of Sif Muna.
             Slain by a spiny frog (12 damage)
             ... on level 1 of the Lair of Beasts.
             The game lasted 00:24:30 (12958 turns).

Firecrotchwizard the Thaumaturge (Gnoll Wizard)    Turns: 12958, Time: 00:24:31

Health: -3/81      AC: 16    Str: 10    XL:     11   Next: 0%
Magic:  33/33      EV: 14    Int: 27    God:    Sif Muna [**....]
Gold:   324        SH:  0    Dex: 14    Spells: 18/28 levels left

rFire    . . .     SeeInvis +   o - +8 trident of Vohuxt {vorpal, rPois}
rCold    . . .     Gourm    .   (no shield)
rNeg     . . .     Faith    .   u - +0 ring mail
rPois    +         Spirit   .   b - +2 hat
rElec    .         Reflect  .   K - scarf {+Inv}
rCorr    .         Harm     .   C - +2 pair of gloves "Femoabry" {SInv}
MR       .....                  n - +4 pair of boots of Love and Death {Int+4}
Stlth    ++++......             (no amulet)
HPRegen  0.23/turn              w - ring of magical power {MP+9}
MPRegen  0.23/turn              t - ring of stealth {Stlth+}

@: lethally poisoned (-3 -> -13)
A: distributed training, fangs 1, strong nose
a: Channel Magic, Renounce Religion, Evoke Invisibility


You were on level 1 of the Lair of Beasts.
You worshipped Sif Muna.
Sif Muna was pleased with you.
You were very hungry.

You visited 3 branches of the dungeon, and saw 12 of its levels.
You also visited: Ossuary.

You collected 580 gold pieces.
You spent 256 gold pieces at shops.

Inventory:

Hand Weapons
 e - a +1 dagger of electrocution
   (You found it on level 1 of the Dungeon)
 o - the +8 trident of Vohuxt (weapon) {vorpal, rPois}
   (You found it on level 4 of the Dungeon)

   It inflicts extra damage upon your enemies.
   It protects you from poison.
Missiles
 r - 11 boomerangs
 M - 2 throwing nets {=f, !d}
 O - 4 silver javelins (quivered)
Armour
 a - a +0 robe
 b - a +2 hat (worn)
 n - the +4 pair of boots of Love and Death (worn) {Int+4}
   (You bought it in a shop on level 5 of the Dungeon)

   It affects your intelligence (+4).
 u - a +0 ring mail (worn)
   (You found it on level 5 of the Dungeon)
 C - the +2 pair of gloves "Femoabry" (worn) {SInv}
   (You found it on level 6 of the Dungeon)

   It lets you see invisible.
 K - a scarf of invisibility (worn)
   (You acquired it on level 9 of the Dungeon)
Magical Staves
 I - an uncursed staff of energy {@w1+MP, hungerless spells, !d!a}
   (You acquired it on level 9 of the Dungeon)
Jewellery
 h - an uncursed ring of positive energy {rN+}
   (You found it on level 2 of the Dungeon)
 t - a ring of stealth (right hand) {Stlth+}
   (You found it on level 3 of the Dungeon)
 w - a ring of magical power (left hand) {MP+9}
   (You found it on level 4 of the Dungeon)
 N - an uncursed ring of flight {+Fly, !d}
   (You took it off an orc wizard on level 9 of the Dungeon)
Wands
 E - a wand of paralysis (9)
   (You found it on level 6 of the Dungeon)
 J - a wand of enslavement (10)
   (You found it on level 8 of the Dungeon)
Scrolls
 c - 10 scrolls of identify
 f - 5 scrolls of remove curse
 m - 4 scrolls of enchant weapon
 x - 4 scrolls of teleportation
 y - 3 scrolls of magic mapping {!r}
 z - 2 scrolls of fear
 A - a scroll of fog
 H - 3 scrolls of enchant armour
Potions
 g - a potion of lignification {unknown}
 i - 2 potions of heal wounds {unknown}
 j - 3 potions of cancellation
 k - a potion of flight {unknown}
 l - 6 potions of magic
 p - 2 potions of berserk rage {unknown}
 q - 2 potions of might {unknown}
 s - 8 potions of curing
 v - a potion of mutation {unknown}
 B - a potion of invisibility {unknown}
 D - a potion of haste {unknown}
 F - a potion of degeneration {unknown}
 G - 2 potions of resistance {unknown}
Comestibles
 d - 22 rations


   Skills:
 + Level 5.7 Fighting
 + Level 5.7 Short Blades
 + Level 5.7 Long Blades
 + Level 5.7 Axes
 + Level 5.7 Maces & Flails
 + Level 5.7 Polearms
 + Level 5.7 Staves
 + Level 5.7 Slings
 + Level 5.7 Bows
 + Level 5.7 Crossbows
 + Level 5.7 Throwing
 + Level 5.7 Armour
 + Level 7.4 Dodging
 + Level 7.1 Stealth
 + Level 5.7 Shields
 + Level 5.7 Unarmed Combat
 + Level 9.2 Spellcasting
 + Level 5.2 Conjurations
 + Level 4.7 Hexes
 + Level 4.7 Charms
 + Level 5.2 Summonings
 + Level 4.7 Necromancy
 + Level 5.2 Translocations
 + Level 4.7 Transmutations
 + Level 4.7 Fire Magic
 + Level 4.7 Ice Magic
 + Level 4.7 Air Magic
 + Level 4.7 Earth Magic
 + Level 4.7 Poison Magic
 + Level 6.2 Invocations
 + Level 5.7 Evocations


You had 18 spell levels left.
You knew the following spells:

 Your Spells              Type           Power        Failure   Level  Hunger
a - Magic Dart            Conj           ####         1%          1    None
b - Blink                 Tloc           N/A          1%          2    None
c - Call Imp              Summ           #####...     1%          2    None
d - Searing Ray           Conj           #####.       1%          2    None
x - Mephitic Cloud        Conj/Pois/Air  #####...     4%          3    None

Your spell library contained the following spells:

 Spells                   Type           Power        Failure   Level  Hunger
 Animate Skeleton         Necr           N/A          1%          1    None
 Beastly Appendage        Tmut           #####.       1%          1    None
 Pain                     Necr           ####         1%          1    None
 Slow                     Hex            #####...     2%          2    None
 Sticks to Snakes         Tmut           #####...     2%          2    None
 Conjure Flame            Conj/Fire      #####...     4%          3    None
 Dazzling Flash           Conj/Hex       #####.       4%          3    None
 Spider Form              Tmut/Pois      #####.....   4%          3    None
 Vampiric Draining        Necr           #####.....   4%          3    None
 Iskenderun's Mystic Bla  Conj/Tloc      #####...     12%         4    #......
 Fulminant Prism          Conj/Hex       #####.....   14%         4    #......
 Animate Dead             Necr           N/A          16%         4    #......
 Ice Form                 Ice/Tmut       #####...     16%         4    #......
 Agony                    Necr           #####...     38%         5    ####...
 Blade Hands              Tmut           #####.....   38%         5    ####...


Dungeon Overview and Level Annotations

Branches:
Dungeon (10/15)            Temple (1/1) D:7            Lair (1/6) D:9
Ossuary (visited)
    Orc: D:9-12

Altars:
Ashenzari
Cheibriados
Dithmenos
Elyvilon
Fedhas
Gozag
Hepliaklqana
Kikubaaqudgha
Makhleb
Nemelex Xobeh
Okawaru
Qazlal
Ru
Sif Muna
Trog
Uskayaw
Vehumet
Wu Jian
Xom
Yredelemnul
Zin
The Shining One

Shops:
D:5 [

Annotations:
Lair:1 exclusions: blink frog and hydra


Innate Abilities, Weirdness & Mutations

Your experience applies equally to all skills.
You have very sharp teeth.
Your uncanny sense of smell can sniff out nearby items.


Message History

You feel drained.
You take 7 damage, and have 67/74 hp.
You hit the hell rat.
The hell rat bites you but does no damage.
You hit the hell rat. The hell rat barely misses you.
You puncture the hell rat!
You kill the hell rat!
Sif Muna accepts your kill.
You puncture the hell rat!
The hell rat bites you but does no damage.
You puncture the hell rat!
You kill the hell rat!
Sif Muna accepts your kill.
You closely miss the hell rat. The hell rat misses you.
You hit the hell rat. The hell rat misses you. The hell rat bites you!
You take 7 damage, and have 61/74 hp.
You closely miss the hell rat. The hell rat barely misses you.
You closely miss the hell rat. The hell rat closely misses you.
You hit the hell rat. The hell rat closely misses you.
You barely miss the hell rat. The hell rat barely misses you.
The hell rat misses you.
You hit the hell rat but do no damage. The hell rat barely misses you.
You hit the hell rat. The hell rat misses you.
You puncture the hell rat!
You kill the hell rat!
Sif Muna accepts your kill.
You regained 2 hp, and now have 64/75 hp.
You start resting.
Health restored: 75
Found a stone staircase leading down.
A spiny frog comes into view.
The spiny frog croaks.
Aim: a spiny frog The magic dart hits the spiny frog.
You now have 31/32 mp.
You don't know that spell.
Okay, then.
Aim: a spiny frog (lightly wounded, chance to defeat MR: 62%)
The spiny frog is charmed.
The five-headed hydra roars!
MP restored: 32 Attack whom?
Aim: a five-headed hydra You reach to attack!
You puncture the five-headed hydra!
Your spiny frog stings the five-headed hydra!
Your spiny frog stings the five-headed hydra!!
You catch the helpless five-headed hydra completely off-guard!
You hit the five-headed hydra.
You bite the five-headed hydra, but do no damage.
Your spiny frog stings the five-headed hydra!
The five-headed hydra barely misses you.
The five-headed hydra bites you!
The five-headed hydra closely misses you.
The five-headed hydra bites you.
The five-headed hydra closely misses you.
You take 13 damage, and have 62/75 hp.
You hit the five-headed hydra.
Your spiny frog stings the five-headed hydra!
The five-headed hydra dies!
Sif Muna accepts your kill.
Your life force feels restored.
You have reached level 11!
Your spiny frog looks stronger.
You regained 6 hp, and now have 68/81 hp.
MP restored: 33 You start resting.
The spiny frog is no longer charmed.
The spiny frog stings you!
You take 12 damage, and have 56/81 hp.
You barely miss the spiny frog. The spiny frog stings you!!
The spiny frog barely misses you.
You take 17 damage, and have 39/81 hp.
MASSIVE DAMAGE!!
You puncture the spiny frog!
You are feeling very hungry.
The spiny frog stings you!
You take 7 damage, and have 32/81 hp.
You hit the spiny frog. The spiny frog completely misses you.
You closely miss the spiny frog.
You bite the spiny frog, but do no damage.
The spiny frog barely misses you.
You puncture the spiny frog! The spiny frog stings you!
* * * LOW HITPOINT WARNING * * *
The spiny frog stings you but does no damage.
You take 15 damage, and have 17/81 hp.
You hit the spiny frog but do no damage.
The spiny frog barely misses you.
You puncture the spiny frog! The spiny frog stings you.
* * * LOW HITPOINT WARNING * * *
You are lethally poisoned!
The spiny frog poisons you!
You take 5 damage, and have 13/81 hp.
You puncture the spiny frog!
* * * LOW HITPOINT WARNING * * *
You feel sick. The spiny frog misses you.
You take 2 damage, and have 11/81 hp.
You barely miss the spiny frog.
* * * LOW HITPOINT WARNING * * *
You feel sick. The spiny frog stings you!
You die...

.........#...............
.........#...............
.........#.#####.........
.........#.#### #........
.........#.#..###........
.........................
. ......#..##..#†......#
. ......#..##..#F.....# .
..... #..#...@#....## #
$.... #..##..##....# #...
#....... .....# #...
#...#>.##....## ...##..#
....# ... #..# ....# ..
#..# ....# #..


You could see a spiny frog.

Vanquished Creatures
  Pikel (D:7)
  A kobold demonologist (D:9)
  A troll (D:9)
  2 wyverns (D:9)
  A hungry ghost (D:8)
  3 wargs (D:9)
  A water moccasin (Lair:1)
  A porcupine (Lair:1)
  2 orc warriors
  2 ice beasts
  3 sky beasts
  A necrophage (D:9)
  2 black bears (D:9)
  2 phantoms
  A slave (D:7)
  4 ogres
  2 centaurs (D:9)
  6 bullfrogs
  5 scorpions
  2 howler monkeys
  3 jellies
  A quasit (D:7)
  5 crimson imps
  A bullfrog skeleton (D:9)
  9 hounds
  A human zombie (Ossuary)
  4 orc priests
  7 iguanas
  5 orc wizards
  4 hell rats (Lair:1)
  9 worker ants
  2 hound zombies
  3 mummies (Ossuary)
  A worker ant zombie (D:9)
  2 gnolls (D:4)
  A howler monkey skeleton (D:5)
  11 adders
  2 shadow imps
  2 oozes
  An adder zombie (Ossuary)
  2 adder skeletons
  A worm (D:2)
  3 dart slugs (D:1)
  5 leopard geckos
  32 orcs
  4 bats
  6 giant cockroaches
  6 goblins
  A hobgoblin (D:2)
  9 jackals
  5 kobolds
  5 quokkas
  A ball python (D:2)
  7 frilled lizards
  2 hobgoblin zombies (Ossuary)
  3 kobold zombies (Ossuary)
  8 quokka zombies
  12 rats
  2 rat zombies (Ossuary)
231 creatures vanquished.

Vanquished Creatures (collateral kills)
  A hydra (Lair:1)
  Menkaure (D:4)
  2 orc wizards (D:3)
  A worker ant (D:4)
  A gnoll (D:4)
  An ooze (D:3)
  An adder zombie (Ossuary)
  2 orcs (D:3)
  A rat zombie (Ossuary)
11 creatures vanquished.

Vanquished Creatures (others)
  3 slaves (D:7)
  A bullfrog (D:7)
  A worker ant (D:7)
  4 orcs
  18 fungi (D:7)
27 creatures vanquished.

Grand Total: 269 creatures vanquished

Notes
Turn   | Place    | Note
-------+----------+-------------------------------------------
     0 | D:1      | Firecrotchwizard the Gnoll Wizard began the quest for the
                  | Orb.
     0 | D:1      | Reached XP level 1. HP: 13/13 MP: 8/8
   329 | D:1      | Reached skill level 2 in Conjurations
   329 | D:1      | Reached skill level 2 in Summonings
   329 | D:1      | Reached skill level 2 in Translocations
   531 | D:1      | Reached XP level 2. HP: 9/19 MP: 10/10
   700 | D:1      | Learned a level 2 spell: Blink
   703 | D:1      | Learned a level 2 spell: Call Imp
  1456 | D:1      | Reached XP level 3. HP: 25/25 MP: 11/11
  1552 | D:2      | Found a sparkling altar of Nemelex Xobeh.
  1728 | D:2      | Reached skill level 1 in Fighting
  1728 | D:2      | Reached skill level 1 in Short Blades
  1728 | D:2      | Reached skill level 1 in Long Blades
  1728 | D:2      | Reached skill level 1 in Axes
  1728 | D:2      | Reached skill level 1 in Maces & Flails
  1728 | D:2      | Reached skill level 1 in Polearms
  1728 | D:2      | Reached skill level 1 in Staves
  1728 | D:2      | Reached skill level 1 in Slings
  1728 | D:2      | Reached skill level 1 in Bows
  1728 | D:2      | Reached skill level 1 in Crossbows
  1728 | D:2      | Reached skill level 1 in Throwing
  1728 | D:2      | Reached skill level 1 in Armour
  1728 | D:2      | Reached skill level 1 in Shields
  1728 | D:2      | Reached skill level 1 in Unarmed Combat
  1728 | D:2      | Reached skill level 1 in Invocations
  1728 | D:2      | Reached skill level 1 in Evocations
  1728 | D:2      | Reached XP level 4. HP: 15/32 MP: 2/13
  1729 | D:2      | HP: 8/32 [worm (8)]
  2350 | D:2      | Reached skill level 1 in Hexes
  2350 | D:2      | Reached skill level 1 in Charms
  2350 | D:2      | Reached skill level 1 in Necromancy
  2350 | D:2      | Reached skill level 1 in Transmutations
  2350 | D:2      | Reached skill level 1 in Fire Magic
  2350 | D:2      | Reached skill level 1 in Ice Magic
  2350 | D:2      | Reached skill level 1 in Air Magic
  2350 | D:2      | Reached skill level 1 in Earth Magic
  2350 | D:2      | Reached skill level 1 in Poison Magic
  2382 | D:2      | Learned a level 3 spell: Mephitic Cloud
  3236 | D:3      | Reached XP level 5. HP: 37/37 MP: 14/14
  3308 | D:3      | HP: 9/37 [poisoned by an adder]
  4773 | D:4      | Reached skill level 2 in Invocations
  4773 | D:4      | Reached XP level 6. HP: 44/44 MP: 16/16
  5094 | D:4      | HP: 10/44 [worker ant (8)]
  5311 | D:4      | Reached skill level 5 in Dodging
  5390 | D:4      | Got a faintly glowing trident
  5391 | D:4      | Identified the +8 trident of Vohuxt {vorpal, rPois} (You
                  | found it on level 4 of the Dungeon)
  5433 | D:4      | Noticed Menkaure
  5438 | D:4      | Killed Menkaure
  5438 | D:4      | Reached skill level 2 in Fighting
  5438 | D:4      | Reached skill level 2 in Short Blades
  5438 | D:4      | Reached skill level 2 in Long Blades
  5438 | D:4      | Reached skill level 2 in Axes
  5438 | D:4      | Reached skill level 2 in Maces & Flails
  5438 | D:4      | Reached skill level 2 in Polearms
  5438 | D:4      | Reached skill level 2 in Staves
  5438 | D:4      | Reached skill level 2 in Slings
  5438 | D:4      | Reached skill level 2 in Bows
  5438 | D:4      | Reached skill level 2 in Crossbows
  5438 | D:4      | Reached skill level 2 in Throwing
  5438 | D:4      | Reached skill level 2 in Armour
  5438 | D:4      | Reached skill level 2 in Shields
  5438 | D:4      | Reached skill level 2 in Unarmed Combat
  5438 | D:4      | Reached skill level 2 in Evocations
  5718 | D:4      | Reached XP level 7. HP: 50/50 MP: 18/18
  5864 | D:4      | Reached skill level 3 in Conjurations
  5864 | D:4      | Reached skill level 2 in Hexes
  5864 | D:4      | Reached skill level 2 in Charms
  5864 | D:4      | Reached skill level 3 in Summonings
  5864 | D:4      | Reached skill level 2 in Necromancy
  5864 | D:4      | Reached skill level 3 in Translocations
  5864 | D:4      | Reached skill level 2 in Transmutations
  5864 | D:4      | Reached skill level 2 in Fire Magic
  5864 | D:4      | Reached skill level 2 in Ice Magic
  5864 | D:4      | Reached skill level 2 in Air Magic
  5864 | D:4      | Reached skill level 2 in Earth Magic
  5864 | D:4      | Reached skill level 2 in Poison Magic
  6268 | D:4      | Reached skill level 5 in Stealth
  6386 | D:5      | Entered Level 5 of the Dungeon
  6417 | D:5      | Found Faggeilu's Antique Armour Boutique.
  6443 | D:5      | Found a sand-covered staircase.
  6465 | D:5      | Reached skill level 3 in Invocations
  6477 | Ossuary  | Entered an ossuary
  6583 | Ossuary  | Reached XP level 8. HP: 57/57 MP: 19/19
  6918 | D:5      | Reached skill level 3 in Fighting
  6918 | D:5      | Reached skill level 3 in Short Blades
  6918 | D:5      | Reached skill level 3 in Long Blades
  6918 | D:5      | Reached skill level 3 in Axes
  6918 | D:5      | Reached skill level 3 in Maces & Flails
  6918 | D:5      | Reached skill level 3 in Polearms
  6918 | D:5      | Reached skill level 3 in Staves
  6918 | D:5      | Reached skill level 3 in Slings
  6918 | D:5      | Reached skill level 3 in Bows
  6918 | D:5      | Reached skill level 3 in Crossbows
  6918 | D:5      | Reached skill level 3 in Throwing
  6918 | D:5      | Reached skill level 3 in Armour
  6918 | D:5      | Reached skill level 3 in Shields
  6918 | D:5      | Reached skill level 3 in Unarmed Combat
  6918 | D:5      | Reached skill level 3 in Evocations
  7723 | D:6      | Reached skill level 8 in Spellcasting
  7893 | D:6      | Got a pair of steaming gloves
  7899 | D:6      | Identified the +2 pair of gloves "Femoabry" {SInv} (You
                  | found it on level 6 of the Dungeon)
  7957 | D:5      | Bought a pair of fine boots for 256 gold pieces
  7962 | D:5      | Identified the +4 pair of boots of Love and Death {Int+4}
                  | (You bought it in a shop on level 5 of the Dungeon)
  8047 | D:6      | Reached skill level 3 in Hexes
  8047 | D:6      | Reached skill level 3 in Charms
  8047 | D:6      | Reached skill level 3 in Necromancy
  8047 | D:6      | Reached skill level 3 in Transmutations
  8047 | D:6      | Reached skill level 3 in Fire Magic
  8047 | D:6      | Reached skill level 3 in Ice Magic
  8047 | D:6      | Reached skill level 3 in Air Magic
  8047 | D:6      | Reached skill level 3 in Earth Magic
  8047 | D:6      | Reached skill level 3 in Poison Magic
  8047 | D:6      | Reached skill level 4 in Invocations
  8333 | D:6      | Reached XP level 9. HP: 65/65 MP: 21/21
  8395 | D:6      | Reached skill level 6 in Dodging
  8718 | D:7      | Noticed Pikel
  8759 | D:7      | Killed Pikel
  8759 | D:7      | Reached skill level 4 in Fighting
  8759 | D:7      | Reached skill level 4 in Short Blades
  8759 | D:7      | Reached skill level 4 in Long Blades
  8759 | D:7      | Reached skill level 4 in Axes
  8759 | D:7      | Reached skill level 4 in Maces & Flails
  8759 | D:7      | Reached skill level 4 in Polearms
  8759 | D:7      | Reached skill level 4 in Staves
  8759 | D:7      | Reached skill level 4 in Slings
  8759 | D:7      | Reached skill level 4 in Bows
  8759 | D:7      | Reached skill level 4 in Crossbows
  8759 | D:7      | Reached skill level 4 in Throwing
  8759 | D:7      | Reached skill level 4 in Armour
  8759 | D:7      | Reached skill level 4 in Shields
  8759 | D:7      | Reached skill level 4 in Unarmed Combat
  8759 | D:7      | Reached skill level 4 in Conjurations
  8759 | D:7      | Reached skill level 4 in Summonings
  8759 | D:7      | Reached skill level 4 in Translocations
  8759 | D:7      | Reached skill level 4 in Evocations
  8809 | D:7      | Reached skill level 6 in Stealth
  9084 | D:7      | Found a staircase to the Ecumenical Temple.
  9119 | Temple   | Entered the Ecumenical Temple
  9455 | Temple   | Became a worshipper of Sif Muna the Loreminder
 10001 | D:7      | Reached skill level 5 in Invocations
 10274 | D:8      | Reached XP level 10. HP: 62/73 MP: 22/22
 10300 | D:8      | Paralysed by fainting for 10 turns
 10421 | D:8      | Noticed a cyan ugly thing
 10430 | D:8      | HP: 18/73 [cyan ugly thing (17)]
 10431 | D:8      | HP: 1/73 [cyan ugly thing (14)]
 10865 | D:9      | Reached skill level 4 in Hexes
 10865 | D:9      | Reached skill level 4 in Charms
 10865 | D:9      | Reached skill level 4 in Necromancy
 10865 | D:9      | Reached skill level 4 in Transmutations
 10865 | D:9      | Reached skill level 4 in Fire Magic
 10865 | D:9      | Reached skill level 4 in Ice Magic
 10865 | D:9      | Reached skill level 4 in Air Magic
 10865 | D:9      | Reached skill level 4 in Earth Magic
 10865 | D:9      | Reached skill level 4 in Poison Magic
 10967 | D:9      | Reached skill level 5 in Fighting
 10967 | D:9      | Reached skill level 5 in Short Blades
 10967 | D:9      | Reached skill level 5 in Long Blades
 10967 | D:9      | Reached skill level 5 in Axes
 10967 | D:9      | Reached skill level 5 in Maces & Flails
 10967 | D:9      | Reached skill level 5 in Polearms
 10967 | D:9      | Reached skill level 5 in Staves
 10967 | D:9      | Reached skill level 5 in Slings
 10967 | D:9      | Reached skill level 5 in Bows
 10967 | D:9      | Reached skill level 5 in Crossbows
 10967 | D:9      | Reached skill level 5 in Throwing
 10967 | D:9      | Reached skill level 5 in Armour
 10967 | D:9      | Reached skill level 5 in Shields
 10967 | D:9      | Reached skill level 5 in Unarmed Combat
 10967 | D:9      | Reached skill level 5 in Evocations
 11020 | D:9      | Reached * piety under Sif Muna
 11158 | D:9      | Noticed a kobold demonologist
 11167 | D:9      | Killed a kobold demonologist
 11176 | D:9      | Reached skill level 7 in Dodging
 11387 | D:9      | Reached skill level 9 in Spellcasting
 11740 | D:9      | Reached skill level 5 in Conjurations
 11740 | D:9      | Reached skill level 5 in Summonings
 11740 | D:9      | Reached skill level 5 in Translocations
 11741 | D:9      | HP: 16/74 [orc wizard/magic dart (3)]
 11747 | D:9      | HP: 13/74 [poisoned by an orc wizard]
 11752 | D:9      | HP: 12/74 [poisoned by an orc wizard]
 11759 | D:9      | HP: 11/74 [poisoned by an orc wizard]
 11767 | D:9      | HP: 11/74 [poisoned by an orc wizard]
 12098 | D:9      | Identified 3 scrolls of acquirement
 12140 | D:9      | Reached skill level 6 in Invocations
 12160 | D:9      | Learned a level 2 spell: Searing Ray
 12232 | D:9      | Found a staircase to the Lair.
 12301 | D:9      | Reached skill level 7 in Stealth
 12441 | D:10     | Entered Level 10 of the Dungeon
 12483 | Lair:1   | Entered Level 1 of the Lair of Beasts
 12713 | Lair:1   | Noticed a five-headed hydra
 12818 | Lair:1   | Reached ** piety under Sif Muna
 12918 | Lair:1   | Noticed a spiny frog
 12925 | Lair:1   | Killed a five-headed hydra
 12925 | Lair:1   | Reached XP level 11. HP: 68/81 MP: 24/24
 12954 | Lair:1   | HP: 17/81 [spiny frog (15)]
 12958 | Lair:1   | Slain by a spiny frog

Illustrated notes

Levels and vault maps discovered:
D:1:      denvon_arrival_planthouse, layout_basic
D:2:      layout_loops_ring, nicolae_overflow_crystal_walls,
          hangedman_decor_riveting
D:3:      layout_basic
D:4:      minmay_door_path, layout_basic, first_ration, columned_hall_lemuel,
          uniq_menkaure
D:5:      layout_loops_ring, serial_shops, nicolae_shop_trees, enter_ossuary_3,
          saegor_snake_ambush
D:6:      layout_loops_corners
D:7:      old_forge, layout_basic, minmay_temple_entry_slanted, uniq_pikel
D:8:      layout_rooms, uniq_harold
D:9:      wad_crossroads, layout_basic, erik_lair_orcish_takeover,
          grunt_ogre_cave
D:10:     layout_small_grid, uniq_urug
Temple:   regret_index_temple_sigil_plot
Lair:1:   layout_gridlike

Skill      XL: |  1  2  3  4  5  6  7  8  9 10 |
---------------+-------------------------------+-----
Conjurations   | 2 3 4 5 |  5.2
Summonings     | 2 3 4 5 |  5.2
Translocations | 2 3 4 5 |  5.2
Fighting       | 1 2 3 4 5 |  5.7
Short Blades   | 1 2 3 4 5 |  5.7
Long Blades    | 1 2 3 4 5 |  5.7
Axes           | 1 2 3 4 5 |  5.7
Maces & Flails | 1 2 3 4 5 |  5.7
Polearms       | 1 2 3 4 5 |  5.7
Staves         | 1 2 3 4 5 |  5.7
Slings         | 1 2 3 4 5 |  5.7
Bows           | 1 2 3 4 5 |  5.7
Crossbows      | 1 2 3 4 5 |  5.7
Throwing       | 1 2 3 4 5 |  5.7
Armour         | 1 2 3 4 5 |  5.7
Shields        | 1 2 3 4 5 |  5.7
Unarmed Combat | 1 2 3 4 5 |  5.7
Invocations    | 1 2 3 4 5 6 |  6.2
Evocations     | 1 2 3 4 5 |  5.7
Hexes          | 1 2 3 4 |  4.7
Charms         | 1 2 3 4 |  4.7
Necromancy     | 1 2 3 4 |  4.7
Transmutations | 1 2 3 4 |  4.7
Fire Magic     | 1 2 3 4 |  4.7
Ice Magic      | 1 2 3 4 |  4.7
Air Magic      | 1 2 3 4 |  4.7
Earth Magic    | 1 2 3 4 |  4.7
Poison Magic   | 1 2 3 4 |  4.7
Dodging        | 5 6 7 |  7.4
Stealth        | 5 6 7 |  7.1
Spellcasting   | 8 9 |  9.2

Action                   |  1- 3 |  4- 6 |  7- 9 | 10-12 || total
-------------------------+-------+-------+-------+-------++-------
Melee: Dagger            |    55 |   156 |       |       ||   211
       Unarmed           |     5 |       |       |       ||     5
       Bite              |     2 |    10 |    23 |    16 ||    51
       Punch             |       |     1 |     5 |     3 ||     9
       Trident           |       |     6 |   308 |   223 ||   537
Throw: Javelin           |       |       |       |     4 ||     4
 Cast: Magic Dart        |    22 |    66 |     3 |     9 ||   100
       Call Imp          |     2 |    11 |     2 |     1 ||    16
       Blink             |     1 |       |       |     2 ||     3
       Mephitic Cloud    |       |     1 |     1 |     1 ||     3
       Searing Ray       |       |       |       |     1 ||     1
 Abil: Evoke Invisibilit |       |       |       |     1 ||     1
Evoke: Wand              |       |       |       |     1 ||     1
  Use: Scroll            |       |     9 |     5 |     6 ||    20
       Potion            |       |     1 |       |       ||     1
 Stab: Sleeping          |     5 |     9 |    22 |     4 ||    40
       Confused          |       |     1 |     2 |     1 ||     4
       Distracted        |       |       |       |     1 ||     1
  Eat: Chunk             |     2 |    13 |    11 |     4 ||    30
       Ration            |       |       |     1 |     2 ||     3
Armor: Robe              |    16 |    22 |     7 |       ||    45
       Ring mail         |       |       |    50 |   110 ||   160
Dodge: Dodged            |    59 |   140 |   145 |   173 ||   517

Levels and vault maps discovered:
D:1:      denvon_arrival_planthouse, layout_basic
D:2:      layout_loops_ring, nicolae_overflow_crystal_walls,
          hangedman_decor_riveting
D:3:      layout_basic
D:4:      minmay_door_path, layout_basic, first_ration, columned_hall_lemuel,
          uniq_menkaure
D:5:      layout_loops_ring, serial_shops, nicolae_shop_trees, enter_ossuary_3,
          saegor_snake_ambush
D:6:      layout_loops_corners
D:7:      old_forge, layout_basic, minmay_temple_entry_slanted, uniq_pikel
D:8:      layout_rooms, uniq_harold
D:9:      wad_crossroads, layout_basic, erik_lair_orcish_takeover,
          grunt_ogre_cave
D:10:     layout_small_grid, uniq_urug
Temple:   regret_index_temple_sigil_plot
Lair:1:   layout_gridlike

Table legend:
 A = Turns spent in this place as a percentage of turns spent in the entire game.
 B = Non-inter-level travel turns spent in this place as a percentage of non-inter-level travel turns spent in the entire game.
 C = Inter-level travel turns spent in this place as a percentage of turns spent in this place.
 D = Turns resting spent in this place as a percentage of non-inter-level travel turns spent in this place.
 E = Turns spent auto-exploring this place as a percentage of non-inter-level travel turns spent in this place.
 F = Non-inter-level travel turns spent in this place divided by the number of levels of this place that you've seen.
                   A       B       C       D       E      F
               +-------+-------+-------+-------+-------+----------------------
         Total | 100.0 | 100.0 |   2.6 |  29.0 |  54.5 | 970.8
       Dungeon |  92.1 |  92.2 |   2.6 |  30.2 |  53.3 | 1163.1
        Temple |   2.7 |   2.5 |   8.9 |  15.2 |  83.2 | 316.0
          Lair |   3.7 |   3.8 |   0.2 |  20.5 |  62.9 | 474.0
       Ossuary |   1.5 |   1.6 |   0.0 |   0.0 |  59.0 | 200.0
               +-------+-------+-------+-------+-------+----------------------

Table legend:
 A = Kills in this place as a percentage of kills in entire the game.
 B = Kills by you in this place as a percentage of kills by you in the entire game.
 C = Kills by friends in this place as a percentage of kills by friends in the entire game.
 D = Other kills in this place as a percentage of other kills in the entire game.
 E = Experience gained in this place as a percentage of experience gained in the entire game.
 F = Experience gained in this place divided by the number of levels of this place that you have seen.
                   A       B       C       D       E      F
               +-------+-------+-------+-------+-------+----------------------
         Total | 100.0 | 100.0 | 100.0 | 100.0 | 100.0 | 710.7
       Dungeon |  88.0 |  88.6 |  72.7 | 100.0 |  87.0 | 803.4
          Lair |   3.3 |   3.1 |   9.1 |   0.0 |  11.8 | 1094.0
       Ossuary |   8.7 |   8.3 |  18.2 |   0.0 |   1.2 | 111.0
               +-------+-------+-------+-------+-------+----------------------
